 Dungeon Crawl Stone Soup version 0.17.0-7-gfadd4cc (webtiles) character file.

398533 MDvedh the Slayer (level 22, -26/213 HPs)
             Began as a Hill Orc Ice Elementalist on Nov 8, 2015.
             Was the Champion of Beogh.
             Annihilated by a juggernaut zombie (55 damage)
             ... on level 3 of the Depths.
             The game lasted 01:59:01 (45968 turns).

MDvedh the Slayer (Hill Orc Ice Elementalist)      Turns: 45968, Time: 01:59:01

Health: -26/213    AC: 46    Str: 23    XL:     22   Next: 90%
Magic:  26/26      EV: 10    Int: 15    God:    Beogh [******]
Gold:   1710       SH: 16    Dex: 10    Spells: 0 memorised, 24 levels left

rFire  + + .     SeeInvis +     l - +9 broad axe (chop)
rCold  + + .     Clarity  +     D - +6 gold dragon armour
rNeg   + + .     SustAt   .     M - +2 shield
rPois  +         Gourm    .     e - +0 helmet
rElec  +         Spirit   .     z - +2 cloak {rPois}
rCorr  .         Warding  .     G - +0 pair of gloves
rMut   .         Stasis   .     b - +2 pair of boots {run}
MR     +++..                    t - amulet of the Elephant {Clar rElec rN++ Dex-3 SInv}
Stlth  ..........               w - ring of the Catamount {*Contam rF+ rC+ MR+ Str+2 Slay+6}
                                C - ring of protection from magic

@: quick, extremely resistant to hostile enchantments, extremely unstealthy
A: walk on water, thin skeletal structure 1, yellow scales 1
a: Smiting, Recall Orcish Followers, Give Item to Named Follower, Renounce
Religion
}: 3/15 runes: decaying, silver, gossamer


You were on level 3 of the Depths.
You worshipped Beogh.
Beogh was exalted by your worship.
You were not hungry.

You visited 7 branches of the dungeon, and saw 43 of its levels.
You also visited: Labyrinth and Volcano.

You collected 4632 gold pieces.
You spent 2922 gold pieces at shops.

Inventory:

Hand Weapons
 l - a +9 broad axe of chopping (weapon)
Armour
 b - a +2 pair of boots of running (worn)
 e - a +0 helmet (worn)
 z - a +2 cloak of poison resistance (worn)
 D - a +6 gold dragon armour (worn)
 G - a +0 pair of gloves (worn)
 M - a +2 shield (worn)
Jewellery
 n - an uncursed amulet of resist mutation
 p - an uncursed ring of protection from fire
 t - the amulet of the Elephant (around neck) {Clar rElec rN++ Dex-3 SInv}
   (You found it on level 2 of the Depths)

   [amulet of clarity]

   It provides mental clarity.
   It affects your dexterity (-3).
   It insulates you from electricity.
   It greatly protects you from negative energy.
   It lets you see invisible.
 w - the ring of the Catamount (right hand) {*Contam rF+ rC+ MR+ Str+2 Slay+6}
   (You took it off a vault sentinel on level 5 of the Vaults)

   [ring of slaying]

   It affects your strength (+2).
   It affects your accuracy and damage with ranged weapons and melee attacks
   (+6).
   It protects you from fire.
   It protects you from cold.
   It affects your resistance to hostile enchantments.
   It causes magical contamination when unequipped.
 C - a ring of protection from magic (left hand)
 S - an uncursed amulet of regeneration
 T - an uncursed ring of see invisible
 U - an uncursed amulet of resist corrosion
Wands
 A - a wand of teleportation (4)
 B - a wand of hasting (6)
 E - a wand of disintegration (12)
Scrolls
 j - 6 scrolls of fear
 m - 3 scrolls of brand weapon
 s - 13 scrolls of remove curse
 y - 3 scrolls of enchant weapon
 F - 2 scrolls of summoning
 I - a scroll of blinking
 L - 2 scrolls of magic mapping
 N - 3 scrolls of fog
 O - 2 scrolls of silence
 Q - 3 scrolls of recharging
 X - 2 scrolls of amnesia
 Y - 4 scrolls of identify
 Z - 3 scrolls of teleportation
Potions
 d - 23 potions of curing
 f - 2 potions of cancellation
 k - 3 potions of heal wounds
 o - 8 potions of magic
 r - a potion of agility
 u - 9 potions of brilliance
 v - 2 potions of invisibility
 K - a potion of berserk rage
 P - a potion of resistance
 W - 5 potions of flight
Books
 i - a book of Envenomations

   Spells                             Type                      Level
   a - Spider Form                    Transmutation/Poison         3
   b - Alistair's Intoxication        Transmutation/Poison         4
   c - Olgreb's Toxic Radiance        Poison                       4
   d - Poisonous Cloud                Conjuration/Poison/Air       6
Comestibles
 a - 61 fruits
 c - 16 bread rations
 h - 11 royal jellies
 q - 10 meat rations


   Skills:
 - Level 21.6 Fighting
 - Level 14.9(18.1) Axes
   Level 14.9(16.6) Maces & Flails
 - Level 19.9 Armour
 - Level 14.7 Dodging
 - Level 1.5 Stealth
 * Level 13.0 Shields
 - Level 1.5 Spellcasting
   Level 1.0 Conjurations
   Level 2.6 Ice Magic
 - Level 6.0 Invocations


You had 24 spell levels left.
You didn't know any spells.

Dungeon Overview and Level Annotations

Branches:
Dungeon (15/15)            Temple (0/1) D:7            Lair (8/8) D:11
  Swamp (4/4) Lair:4       Spider (4/4) Lair:3        Slime (0/6) Lair:7
    Orc (4/4) D:12            Elf (0/3) Orc:4        Vaults (5/5) D:14
  Crypt (0/3) Vaults:2     Depths (3/5) D:15

Altars:
Ashenzari
Fedhas
Gozag
Kikubaaqudgha
Makhleb
Okawaru
Sif Muna
Trog
Xom
Zin
Beogh
Jiyva

Shops:
D:7 :   D:9 (   D:10 (   D:15 (!(?   Orc:1 =   Orc:4 [([(   Vaults:1 }
Vaults:3 (!   Depths:1 *?   Depths:2 ?

Portals:
Hell: Depths:1 Depths:2

Annotations:
D:8 Prince Ribbit
Lair:3 exclusion: oklob plant
Lair:7 1 runed door


Innate Abilities, Weirdness & Mutations

You can walk on water.
You have a somewhat thin skeletal structure (Dex +2, Stealth).
You are partially covered in yellow scales (AC +2).


Message History

You slash the caustic shrike zombie! You slash the juggernaut zombie!
The caustic shrike zombie claws you but does no damage.
Ognian hits the juggernaut zombie but does no damage.
Unknown command.
You slash the caustic shrike zombie! You slice the juggernaut zombie!!
The caustic shrike zombie closely misses you.
The juggernaut skeleton moves out of view.
Ognian hits the juggernaut zombie with the +6 halberd of the Special Hells {chop, rPois Str+3}.
The caustic shrike zombie claws you!
Unknown command.
You slice the caustic shrike zombie!!
You destroy the caustic shrike zombie!
Beogh accepts your kill.
Your Shields skill increases to level 13!
You hit the juggernaut zombie but do no damage.
You hit the juggernaut skeleton. You barely miss the juggernaut zombie.
The juggernaut skeleton hits you!!!
* * * LOW HITPOINT WARNING * * *
The juggernaut zombie hits you!!!
You die... #..# .... #..## )..( ##..## ZZZ(#

#ZZ# #@o# ######..#####
#.......?.....
#.............
#.###############
####.# #.#.(...'...#
###....###.#'#...#...##
#.....>#...)(((..#....#
#.#....##..))#.#+#....#


You could see a juggernaut zombie, a shadow dragon skeleton, an elf skeleton, a
titan skeleton, a juggernaut skeleton and the friendly Ognian the orc warlord.

Vanquished Creatures
  the Lernaean hydra (Swamp:4)
  Nikola (Swamp:4)
  the Enchantress (Depths:2)
  A tentacled monstrosity (Vaults:1)
  A lich (Depths:2)
  A titan (Vaults:5)
  2 tengu reavers
  A sphinx (Vaults:5)
  2 shadow dragons (Vaults:5)
  A thorn hunter (Depths:2)
  A storm dragon (Vaults:5)
  2 frost giants
  4 fire giants
  5 vault wardens
  5 ghost moths
  An iron dragon (Vaults:5)
  A caustic shrike zombie (Depths:3)
  3 emperor scorpions
  2 spriggan defenders (Depths:2)
  A ghoul (D:13)
  6 ironheart preservers
  7 stone giants
  2 vampire knights
  4 very ugly things
  A deep elf annihilator (Vaults:4)
  Azrael (D:14)
  A deep elf death mage (Vaults:4)
  2 ettins
  16 vault guards
  A deep elf high priest (Vaults:4)
  A minotaur (Lab)
  11 yaktaur captains
  An entropy weaver (Depths:2)
  3 fire dragons
  12 ogre magi
  A rakshasa (Vaults:2)
  3 great orbs of eyes
  10 hydras
  2 spriggan air magi (Depths:2)
  2 ghost crabs
  2 death knights (Depths:3)
  4 alligators
  4 centaur warriors
  2 deep troll shamans
  4 death yaks (Lair:8)
  6 deep troll earth magi
  A vampire mage (Depths:2)
  A deep elf knight (Vaults:4)
  4 spriggan berserkers (Depths:2)
  2 large abominations (Depths:3)
  6 skeletal warriors
  5 iron trolls
  17 deep trolls
  2 flayed ghosts
  A giant orange brain (Depths:1)
  A sea snake (shapeshifter) (Vaults:4)
  6 swamp dragons (Swamp:4)
  Pikel (D:5)
  4 phantasmal warriors
  A sphinx zombie (Depths:3)
  13 ironbrand convokers
  6 hill giants
  8 orb spiders
  2 wolf spider zombies
  A necromancer (Vaults:5)
  A tengu skeleton (Depths:3)
  3 orc knights
  An iron dragon zombie (Depths:3)
  2 cyclopes
  10 wolf spiders
  3 fauns (Depths:2)
  11 hornets
  An orc sorcerer (Orc:1)
  2 water nymphs (Depths:2)
  A manticore (D:12)
  13 elephants
  20 ugly things
  4 griffons
  A salamander (shapeshifter) (Vaults:4)
  A moth of wrath (Spider:3)
  6 black mambas
  3 toenail golems (Volcano)
  8 vault sentinels
  10 spiny frogs
  A guardian serpent (shapeshifter) (D:15)
  A frost giant skeleton (Depths:3)
  Psyche (Lair:6)
  A spriggan skeleton (Depths:3)
  10 komodo dragons
  An efreet (D:15)
  27 yaktaurs
  A fire drake (shapeshifter) (Vaults:1)
  A redback zombie (D:15)
  2 fire drakes
  A kobold demonologist (Vaults:3)
  4 tengu conjurers
  6 demonic crawlers
  A queen bee (shapeshifter) (Depths:1)
  A deep elf priest (Vaults:5)
  2 giant leeches
  A shadow dragon simulacrum (Vaults:5)
  5 freezing wraiths
  2 polar bears (Lair:7)
  4 trolls
  A queen bee (D:11)
  Grinder (D:3)
  A bog body (Swamp:3)
  20 two-headed ogres
  A human simulacrum (Vaults:2)
  12 slime creatures
  A trapdoor spider zombie (D:11)
  4 jumping spiders
  11 blink frogs
  2 shadows
  2 flying skulls (Depths:3)
  10 trapdoor spiders
  A trapdoor spider (shapeshifter) (Vaults:2)
  26 yaks
  3 boulder beetles
  Sigmund (D:3)
  2 deep elf magi (Vaults:5)
  5 sky beasts
  17 redbacks
  16 humans
  4 wyverns
  2 fire elementals (D:14)
  3 hogs (D:13)
  8 tarantellas
  3 wraiths
  A water elemental (Depths:2)
  7 hippogriffs
  A tarantella (shapeshifter) (Vaults:2)
  3 hungry ghosts
  A deep elf fighter (Vaults:5)
  A warg (Orc:4)
  8 wolves (Lair:1)
  6 vampire mosquitoes
  A basilisk (Lair:3)
  4 insubstantial wisps
  8 water moccasins
  9 swamp worms
  6 porcupines
  A soldier ant (shapeshifter) (Vaults:4)
  8 swamp drakes
  2 black bears
  6 orc warriors
  A slave (D:5)
  11 spiders
  2 phantoms
  2 necrophages
  4 ice beasts
  3 wasps
  7 crocodiles
  17 centaurs
  42 ogres
  A big kobold (D:7)
  14 giant frogs
  A wyvern zombie (D:13)
  A human skeleton (Vaults:2)
  8 scorpions
  2 elf zombies
  33 killer bees
  13 wights
  4 electric eels
  A quasit (D:14)
  7 crimson imps
  A giant frog zombie (D:12)
  5 jellies
  3 centaur zombies
  5 iguanas
  2 giant frog skeletons
  6 hounds
  3 iron imps (D:7)
  8 worker ants
  9 centaur skeletons
  8 orc priests
  Terence (D:2)
  8 orc wizards
  A killer bee zombie (D:9)
  17 sheep
  13 adders
  4 gnolls (D:2)
  46 river rats
  3 shadow imps
  An adder skeleton (D:6)
  An adder zombie (D:8)
  4 worms
  6 giant geckos
  39 orcs
  13 bats
  12 giant cockroaches
  8 hobgoblins
  7 jackals
  5 quokkas
  3 giant newts
  7 goblins
  A jackal skeleton (D:5)
  21 kobolds
  10 rats
  8 briar patches
  2 crawling corpses (Vaults:5)
  2 fungi
  9 plants (Depths:2)
1108 creatures vanquished.

Vanquished Creatures (collateral kills)
  Mara (Vaults:3)
  2 golden dragons (Vaults:5)
  2 tentacled monstrosities (Vaults:4)
  Rupert (D:13)
  A lich (Vaults:4)
  3 titans
  A quicksilver dragon (Vaults:4)
  A sphinx (Vaults:4)
  Kirke (D:14)
  A storm dragon (Vaults:5)
  2 thorn hunters
  A shadow dragon (Vaults:5)
  2 ghost moths
  A fire giant (Vaults:5)
  An iron dragon (shapeshifter) (Vaults:4)
  3 frost giants
  7 vault wardens
  Louise (D:15)
  5 emperor scorpions
  An orc warlord (Orc:4)
  2 stone giants
  4 ghouls
  A spriggan defender (Depths:2)
  6 ironheart preservers
  3 very ugly things
  A war gargoyle (Vaults:5)
  A deep elf demonologist (Vaults:4)
  2 salamander stormcallers (Vaults:5)
  Snorg (Lair:3)
  A crystal guardian (Vaults:4)
  4 ettins
  2 fire dragons
  22 vault guards
  2 deep elf high priests (Vaults:5)
  9 yaktaur captains
  3 great orbs of eyes
  2 ice dragons (D:15)
  3 entropy weavers
  7 hydras
  2 death knights (Vaults:2)
  3 rakshasas
  An ogre mage (Vaults:5)
  5 deep troll shamans
  A satyr (Depths:2)
  A tengu warrior (D:14)
  3 death yaks (Lair:8)
  3 centaur warriors
  3 alligators
  An orc high priest (Orc:4)
  2 spriggans
  A spriggan berserker (Depths:2)
  2 fire crabs
  A deep elf knight (Vaults:4)
  Nergalle (Lair:1)
  A storm dragon zombie (Vaults:2)
  The ghost of cireshan the Thaumaturge, a novice DECj of Sif Muna (D:10)
  A swamp dragon (Swamp:1)
  A golden dragon zombie (Depths:3)
  7 skeletal warriors
  2 unseen horrors (Vaults:1)
  7 deep trolls
  4 hill giants
  2 giant orange brains
  3 ironbrand convokers
  2 tengu zombies
  A shambling mangrove (Swamp:2)
  2 necromancers
  3 orc knights
  8 ugly things
  11 wolf spiders
  A flayed ghost (Vaults:4)
  11 orb spiders
  A frost giant zombie (Vaults:2)
  2 wizards (Depths:1)
  2 griffons
  3 fauns (Depths:2)
  2 hornets
  3 slime creatures
  2 phantasmal warriors
  A frost giant skeleton (Depths:3)
  A water nymph (shapeshifter) (Vaults:3)
  2 orc sorcerers
  2 cyclopes
  15 elephants
  A gargoyle (D:13)
  2 black mambas
  11 vault sentinels
  A centaur skeleton (D:14)
  A torpor snail (Spider:3)
  8 spiny frogs
  A komodo dragon (Swamp:4)
  4 kobold demonologists
  A yaktaur zombie (Vaults:3)
  A fire drake (D:11)
  21 yaktaurs
  5 demonic crawlers
  A queen bee (D:15)
  15 jumping spiders
  3 freezing wraiths (Vaults:4)
  A deep elf priest (Vaults:5)
  10 two-headed ogres
  2 giant leeches (Swamp:4)
  3 trolls
  A tengu simulacrum (Vaults:3)
  10 blink frogs
  7 boulder beetles
  3 bog bodies
  A blink frog (shapeshifter) (Vaults:4)
  A tarantella (shapeshifter) (Vaults:3)
  3 wraiths
  17 tarantellas
  21 redbacks
  A deep elf mage (D:12)
  A yak (shapeshifter) (Depths:1)
  15 humans
  2 wyverns
  3 basilisks
  7 trapdoor spiders
  A deep elf fighter (Vaults:5)
  11 yaks
  3 hippogriffs
  2 hogs (D:13)
  Grum (Lair:1)
  2 fire elementals (D:14)
  2 wolves (Lair:1)
  2 mottled dragons
  8 swamp worms
  6 vampire mosquitoes
  3 hungry ghosts (D:13)
  5 insubstantial wisps (Swamp:4)
  A warg (Vaults:5)
  2 water moccasins
  2 porcupines
  2 black bears (shapeshifter)
  7 orc warriors
  3 wasps
  10 spiders
  4 human zombies
  An eye of draining (D:12)
  2 boggarts (Vaults:2)
  A necrophage (D:11)
  2 swamp drakes
  2 centaurs (D:15)
  15 ogres
  A big kobold (D:15)
  3 crocodiles
  6 giant frogs
  A wyvern zombie (D:13)
  A human skeleton (Vaults:3)
  3 wights
  17 killer bees
  A crimson imp (D:13)
  A hound (Lair:6)
  An orc priest (Vaults:5)
  2 electric eels
  2 iguanas
  5 orc wizards
  7 sheep
  A mummy (D:13)
  9 river rats
  A shadow imp (D:10)
  A worm (Lair:3)
  17 orcs
  A giant cockroach (Lair:3)
  4 kobolds
  2 briar patches
  A butterfly (Lair:5)
  7 fungi
  13 plants
641 creatures vanquished.

Vanquished Creatures (others)
  Norris (D:14)
  3 orc warlords
  A fire giant (Depths:2)
  A vault warden (Vaults:5)
  Josephine (Lair:4)
  3 orc high priests
  20 orc knights
  19 orc warriors
  A freezing wraith (Vaults:5)
  A deep elf mage (Vaults:5)
  A hog (D:14)
  2 slaves (D:6)
  A boggart (Vaults:2)
  2 ogres
  2 wights (D:6)
  10 orc priests
  A jelly (D:6)
  16 orc wizards
  A worker ant (D:6)
  A giant gecko (D:6)
  74 orcs
  2 giant cockroaches (D:3)
  A kobold (D:3)
  6 briar patches
  A fire vortex (Vaults:5)
  6 fungi
  A plant (Lair:7)
179 creatures vanquished.

Grand Total: 1928 creatures vanquished

Notes
Turn   | Place    | Note
--------------------------------------------------------------
     0 | D:1      | MDvedh the Hill Orc Ice Elementalist began the quest for the Orb.
     0 | D:1      | Reached XP level 1. HP: 14/14 MP: 3/3
   115 | D:1      | Reached skill level 1 in Fighting
   162 | D:1      | Reached XP level 2. HP: 23/23 MP: 0/4
   240 | D:1      | Reached skill level 1 in Maces & Flails
  1009 | D:1      | Reached XP level 3. HP: 28/28 MP: 5/5
  1579 | D:2      | Found a shimmering altar of Xom.
  1579 | D:2      | Found a glowing silver altar of Zin.
  1580 | D:2      | Noticed an angel
  1866 | D:2      | Found a blossoming altar of Fedhas.
  1866 | D:2      | Noticed Terence
  1887 | D:2      | Killed Terence
  1887 | D:2      | Reached XP level 4. HP: 23/37 MP: 6/6
  1951 | D:2      | Reached skill level 3 in Fighting
  1973 | D:2      | Reached XP level 5. HP: 16/45 MP: 7/7
  2813 | D:3      | Noticed Grinder
  2823 | D:3      | Killed Grinder
  2823 | D:3      | Reached skill level 5 in Fighting
  2823 | D:3      | Reached XP level 6. HP: 53/56 MP: 8/8
  2833 | D:3      | Noticed an ice beast
  2842 | D:3      | Killed an ice beast
  2842 | D:3      | Reached skill level 5 in Maces & Flails
  2903 | D:3      | Became a worshipper of Beogh the Brigand
  2937 | D:3      | Noticed Sigmund
  2956 | D:3      | Killed Sigmund
  2956 | D:3      | Reached skill level 6 in Maces & Flails
  2956 | D:3      | Reached XP level 7. HP: 43/61 MP: 9/9
  3664 | D:4      | Reached skill level 7 in Maces & Flails
  3672 | D:4      | Found a bloodstained altar of Trog.
  3910 | D:4      | Reached * piety under Beogh
  4385 | D:5      | Entered Level 5 of the Dungeon
  4428 | D:5      | Reached skill level 8 in Maces & Flails
  4428 | D:5      | Reached XP level 8. HP: 52/68 MP: 10/10
  4757 | D:5      | Reached skill level 9 in Maces & Flails
  5570 | D:6      | Noticed Pikel
  5790 | D:5      | Killed Pikel
  5790 | D:5      | Reached skill level 10 in Maces & Flails
  5790 | D:5      | Reached XP level 9. HP: 43/74 MP: 11/11
  5877 | D:5      | Reached skill level 11 in Maces & Flails
  6518 | D:6      | Found an opulent altar of Gozag.
  6574 | D:6      | Reached ** piety under Beogh
  6596 | D:6      | Reached skill level 12 in Maces & Flails
  7553 | D:7      | Found an iron altar of Okawaru.
  7558 | D:7      | Reached skill level 13 in Maces & Flails
  7589 | D:7      | Gained mutation: Your spells are a little harder to cast, but a little more powerful. [mutagenic meat]
  7590 | D:7      | Gained mutation: Your mind is acute. (Int +2) [mutagenic meat]
  7592 | D:7      | Gained mutation: You have a somewhat thin skeletal structure (Dex +2, Stealth). [mutagenic meat]
  7593 | D:7      | Gained mutation: Your spells are harder to cast, but more powerful. [mutagenic meat]
  7741 | D:7      | Found Maxkus's Book Shop.
  7775 | D:7      | Found a staircase to the Ecumenical Temple.
  7822 | D:7      | Reached XP level 10. HP: 37/81 MP: 12/12
  8027 | D:7      | Found an ancient bone altar of Kikubaaqudgha.
  8134 | D:7      | Found a burning altar of Makhleb.
  8407 | D:8      | Noticed Prince Ribbit
  8668 | D:8      | Reached *** piety under Beogh
  8767 | D:8      | Reached skill level 14 in Maces & Flails
 10910 | D:9      | Reached skill level 1 in Armour
 12255 | D:9      | Found Poal's Antique Weapon Shoppe.
 12263 | D:9      | Bought a glowing morningstar for 124 gold pieces
 12332 | D:9      | Reached XP level 11. HP: 92/92 MP: 13/13
 12342 | D:9      | Found a deep blue altar of Sif Muna.
 12488 | D:10     | Entered Level 10 of the Dungeon
 12493 | D:10     | Found Keerigh's Antique Weapon Shop.
 12501 | D:10     | Bought a dazzling mace for 184 gold pieces
 12501 | D:10     | Identified the cursed +3 mace of Indomitability {venom, rElec rF- Str+3} (You bought it in a shop on level 10 of the Dungeon)
 12507 | D:10     | Bought a glowing broad axe for 92 gold pieces
 12527 | D:10     | Reached **** piety under Beogh
 12527 | D:10     | Reached skill level 1 in Axes
 12540 | D:10     | Gained mutation: Your muscles are strong. (Str +2) [mutagenic meat]
 12541 | D:10     | Gained mutation: Scrolls take you a little longer to read. [mutagenic meat]
 12542 | D:10     | Lost mutation: Scrolls take you a little longer to read. [mutagenic meat]
 12560 | D:10     | Identified Sif Muna's Reference Book on Helpful Dark Magic
 12671 | D:10     | Noticed cireshan's ghost (novice DECj)
 12685 | D:10     | Killed cireshan's ghost
 12753 | D:10     | Noticed a hill giant
 12759 | D:10     | Killed a hill giant
 12759 | D:10     | Reached skill level 5 in Axes
 13105 | D:10     | Gained mutation: You have a pair of small antennae on your head. [mutagenic meat]
 13107 | D:10     | Lost mutation: Your muscles are strong. (Str +2) [mutagenic meat]
 13108 | D:10     | Gained mutation: You regenerate slowly when monsters are visible. [mutagenic meat]
 13109 | D:10     | Gained mutation: Your flesh is heat resistant. [mutagenic meat]
 13569 | D:11     | Found a staircase to the Lair.
 14840 | D:12     | Noticed a hill giant
 14844 | D:12     | Reached skill level 10 in Axes
 14852 | D:12     | Killed a hill giant
 15121 | D:12     | Noticed a hill giant
 15126 | D:12     | Reached ***** piety under Beogh
 15132 | D:12     | Killed a hill giant
 15480 | D:12     | Reached XP level 12. HP: 45/100 MP: 14/14
 15701 | D:12     | Gained mutation: You are agile. (Dex +2) [mutagenic meat]
 15703 | D:12     | Gained mutation: Scrolls take you a little longer to read. [mutagenic meat]
 15704 | D:12     | Lost mutation: You have a pair of small antennae on your head. [mutagenic meat]
 15705 | D:12     | Gained mutation: You are partially covered in yellow scales (AC +2). [mutagenic meat]
 15771 | D:12     | Found a staircase to the Orcish Mines.
 15796 | D:12     | Found a roughly hewn altar of Beogh.
 16649 | Lair:1   | Entered Level 1 of the Lair of Beasts
 16649 | Lair:1   | Noticed Nergalle
 16654 | Lair:1   | Killed Nergalle
 16839 | Lair:1   | Noticed a six-headed hydra
 16846 | Lair:1   | Killed a six-headed hydra
 17067 | Lair:1   | Reached skill level 1 in Invocations
 17151 | Lair:1   | Noticed a six-headed hydra
 17158 | Lair:1   | Killed a six-headed hydra
 17209 | Lair:1   | Noticed Grum
 17213 | Lair:1   | Killed Grum
 17215 | Lair:1   | Reached skill level 5 in Armour
 18296 | Lair:3   | Reached ****** piety under Beogh
 18297 | Lair:3   | Gained Geork as an ally
 18358 | Lair:3   | Gained Ognian as an ally
 18459 | Lair:3   | Reached XP level 13. HP: 108/108 MP: 16/16
 18483 | Lair:3   | Reached skill level 5 in Invocations
 18537 | Lair:3   | Noticed Snorg
 18547 | Lair:3   | Killed Snorg
 18590 | Lair:3   | Found a hole to the Spider Nest.
 18945 | Lair:3   | Gained Zartorak as an ally
 19339 | Lair:4   | Found a staircase to the Swamp.
 19491 | Lair:4   | Reached skill level 10 in Fighting
 19492 | Lair:4   | Noticed Josephine
 19497 | Lair:4   | Killed Josephine
 19623 | Lair:4   | Found a labyrinth entrance.
 19657 | Lab      | Entered a labyrinth
 19911 | Lab      | Noticed a minotaur
 19916 | Lab      | Killed a minotaur
 19926 | Lab      | Identified the Disquisition on Changing
 20740 | Lair:5   | Gained Syrus as an ally
 21327 | Lair:6   | Reached skill level 1 in Shields
 21353 | Lair:6   | Noticed Psyche
 21360 | Lair:6   | Killed Psyche
 21636 | Lair:6   | Found a deep blue altar of Sif Muna.
 22027 | Lair:7   | Found a runed door.
 22027 | Lair:7   | Found a viscous altar of Jiyva.
 22031 | Lair:7   | Noticed an acid blob
 22218 | Lair:7   | Reached skill level 5 in Shields
 22218 | Lair:7   | Reached XP level 14. HP: 97/124 MP: 18/18
 22685 | Lair:7   | Found a staircase to the Slime Pits.
 22716 | Lair:7   | Reached skill level 10 in Armour
 23002 | Lair:8   | Entered Level 8 of the Lair of Beasts
 23602 | Lair:8   | Gained Horkud as an ally
 24005 | Lair:8   | Your ally Horkud died
 24420 | Orc:1    | Entered Level 1 of the Orcish Mines
 24470 | Orc:1    | Found Podghura's Jewellery Boutique.
 24520 | Orc:1    | Found a roughly hewn altar of Beogh.
 24701 | Orc:2    | Found a dark tunnel.
 24754 | Volcano  | Entered a volcano
 24895 | Volcano  | Got a faintly humming fire dragon armour
 24928 | Volcano  | Identified the +8 fire dragon armour of Bitterness {rF++ rC- rN+ MR- Dex+3} (You found it in a volcano)
 25449 | Orc:4    | Entered Level 4 of the Orcish Mines
 25468 | Orc:4    | Found a shimmering altar of Xom.
 25568 | Orc:4    | Found a roughly hewn altar of Beogh.
 25647 | Orc:4    | Found a roughly hewn altar of Beogh.
 25766 | Orc:4    | Found a staircase to the Elven Halls.
 25789 | Orc:4    | Found a roughly hewn altar of Beogh.
 25795 | Orc:4    | Reached XP level 15. HP: 136/136 MP: 19/19
 25866 | Orc:4    | Noticed an orc warlord
 25866 | Orc:4    | Found Yzilaeg's Antique Weapon Emporium.
 25866 | Orc:4    | Found a roughly hewn altar of Beogh.
 25867 | Orc:4    | Found Laypp's Antique Armour Shoppe.
 25875 | Orc:4    | Killed an orc warlord
 25875 | Orc:4    | Gained Borgun as an ally
 25875 | Orc:4    | Reached skill level 5 in Dodging
 25960 | Orc:4    | Bought a glowing broad axe for 120 gold pieces
 26042 | Orc:4    | Found a roughly hewn altar of Beogh.
 26045 | Orc:4    | Found Ythaiff's Armour Emporium.
 26075 | Orc:4    | Gained Borgk as an ally
 26110 | Orc:4    | Found a roughly hewn altar of Beogh.
 26161 | Orc:4    | Found a roughly hewn altar of Beogh.
 26204 | Orc:4    | Found a roughly hewn altar of Beogh.
 26205 | Orc:4    | Found Niajuz's Weapon Emporium.
 27053 | D:13     | Gained Koronagh as an ally
 27234 | D:14     | Found a gate to the Vaults.
 27234 | D:14     | Noticed Norris
 27234 | D:14     | Noticed Rupert
 27234 | D:14     | Noticed Kirke
 27259 | D:14     | Your ally Geork died
 27305 | D:13     | Killed Rupert
 27347 | D:14     | Your ally Koronagh died
 27351 | D:14     | Noticed Azrael
 27355 | D:14     | Killed Kirke
 27357 | D:14     | Killed Norris
 27361 | D:14     | Killed Azrael
 28595 | D:15     | Entered Level 15 of the Dungeon
 28603 | D:15     | Found Cehu Vov's Magic Scroll Shop.
 28621 | D:15     | Bought a scroll of fog for 30 gold pieces
 28621 | D:15     | Bought a scroll of magic mapping for 52 gold pieces
 28621 | D:15     | Bought a scroll of vulnerability for 112 gold pieces
 28971 | D:15     | Found Zalluth's Antique Weapon Shoppe.
 28982 | D:15     | Bought a smoking halberd for 279 gold pieces
 28984 | D:15     | Identified the +6 halberd of the Special Hells {chop, rPois Str+3} (You bought it in a shop on level 15 of the Dungeon)
 29030 | D:15     | Found Syqydghu's Weapon Emporium.
 29156 | D:15     | Reached XP level 16. HP: 147/147 MP: 20/20
 29172 | D:15     | Found Milagyab's Distillery.
 29337 | D:15     | Paralysed by a great orb of eyes for 6 turns
 29340 | D:15     | Reached skill level 15 in Fighting
 29356 | D:15     | Noticed Louise
 29359 | D:15     | Found Pasecem's Distillery.
 29370 | D:15     | Killed Louise
 29377 | D:15     | Gained Milork as an ally
 29385 | D:15     | Bought a potion of resistance for 180 gold pieces
 29385 | D:15     | Bought a potion of resistance for 180 gold pieces
 29385 | D:15     | Bought a potion of curing for 54 gold pieces
 29385 | D:15     | Bought a potion of heal wounds for 90 gold pieces
 29385 | D:15     | Bought a potion of curing for 54 gold pieces
 29385 | D:15     | Bought a potion of haste for 180 gold pieces
 29385 | D:15     | Bought a potion of heal wounds for 90 gold pieces
 29385 | D:15     | Bought a potion of might for 72 gold pieces
 29385 | D:15     | Bought a potion of haste for 180 gold pieces
 29432 | D:15     | Your ally Milork died
 29533 | D:15     | Found a staircase to the Depths.
 29916 | Spider:1 | Entered Level 1 of the Spider Nest
 29923 | Spider:1 | Gained Wargrak as an ally
 31061 | Spider:2 | Your ally Wargrak died
 32620 | Spider:4 | Entered Level 4 of the Spider Nest
 32634 | Spider:4 | Reached skill level 16 in Fighting
 32837 | Spider:4 | Gained Arkwar as an ally
 33004 | Spider:4 | Your ally Borgk died
 33013 | Spider:4 | Reached XP level 17. HP: 77/158 MP: 1/21
 33026 | Spider:4 | Your ally Borgun died
 33205 | Spider:4 | Reached skill level 15 in Armour
 33251 | Spider:4 | Got a gossamer rune of Zot
 33744 | Swamp:1  | Entered Level 1 of the Swamp
 33792 | Swamp:1  | Gained Olfik as an ally
 33958 | Swamp:1  | Gained Morun as an ally
 33992 | Swamp:1  | Reached skill level 10 in Dodging
 34127 | Swamp:2  | Found a frozen archway.
 34410 | Swamp:2  | Reached skill level 17 in Fighting
 34723 | Swamp:4  | Entered Level 4 of the Swamp
 34755 | Swamp:4  | Gained Bogward as an ally
 34926 | Swamp:4  | Noticed the 27-headed Lernaean hydra
 34950 | Swamp:4  | Noticed Nikola
 34953 | Swamp:4  | Killed the 27-headed Lernaean hydra
 34995 | Swamp:4  | Your ally Olfik died
 35032 | Swamp:4  | Killed Nikola
 35050 | Swamp:4  | Got a decaying rune of Zot
 35210 | Swamp:2  | Reached XP level 18. HP: 121/171 MP: 22/22
 35704 | Vaults:1 | Entered Level 1 of the Vaults
 36194 | Vaults:1 | Reached skill level 18 in Fighting
 36200 | Vaults:1 | Found Yxuerir's Gadget Shoppe.
 36294 | Vaults:1 | Noticed a tentacled monstrosity
 36304 | Vaults:1 | Killed a tentacled monstrosity
 36315 | Vaults:1 | Gained Morguth as an ally
 36751 | Vaults:2 | Your ally Morguth died
 37151 | Vaults:2 | Gained Orkwin as an ally
 37163 | Vaults:2 | Gained Dorog as an ally
 38081 | Vaults:2 | Found a staircase to the Crypt.
 38293 | Vaults:3 | Noticed Mara
 38436 | Vaults:3 | Noticed MDvedh's illusion
 38454 | Vaults:3 | Killed Mara
 38454 | Vaults:3 | Reached skill level 19 in Fighting
 38454 | Vaults:3 | Reached XP level 19. HP: 102/182 MP: 23/23
 38938 | Vaults:3 | Found Nos Ycy's Distillery.
 38947 | Vaults:3 | Bought a potion of resistance for 130 gold pieces
 38947 | Vaults:3 | Bought a potion of curing for 39 gold pieces
 38947 | Vaults:3 | Bought a potion of heal wounds for 65 gold pieces
 38947 | Vaults:3 | Bought a potion of curing for 39 gold pieces
 38947 | Vaults:3 | Bought 2 potions of heal wounds for 130 gold pieces
 38947 | Vaults:3 | Bought a potion of curing for 39 gold pieces
 38947 | Vaults:3 | Bought a potion of curing for 39 gold pieces
 38947 | Vaults:3 | Bought 3 potions of curing for 117 gold pieces
 39231 | Vaults:3 | Found Noinaja's Weapon Emporium.
 39759 | Vaults:4 | Your ally Syrus died
 39763 | Vaults:4 | Your ally Orkwin died
 40100 | Vaults:4 | Your ally Arkwar died
 40268 | Vaults:4 | Gained Bogbarth as an ally
 40667 | Vaults:5 | Entered Level 5 of the Vaults
 40698 | Vaults:5 | Your ally Bogbarth died
 40719 | Vaults:4 | Reached skill level 20 in Fighting
 41060 | Vaults:4 | Gained Agrik as an ally
 41061 | Vaults:4 | Reached XP level 20. HP: 173/193 MP: 24/24
 41111 | Vaults:4 | Gained Bogdar as an ally
 41254 | Vaults:5 | Your ally Bogward died
 41254 | Vaults:5 | Your ally Dorog died
 41256 | Vaults:5 | Your ally Agrik died
 41257 | Vaults:5 | Your ally Morun died
 41259 | Vaults:5 | Gained Koronagh as an ally
 41274 | Vaults:5 | Noticed a golden dragon
 41296 | Vaults:5 | Your ally Zartorak died
 41300 | Vaults:5 | Your ally Bogdar died
 41303 | Vaults:5 | Lost mutation: Scrolls take you a little longer to read. [potion of cure mutation]
 41303 | Vaults:5 | Lost mutation: Your flesh is heat resistant. [potion of cure mutation]
 41303 | Vaults:5 | Lost mutation: Your mind is acute. (Int +2) [potion of cure mutation]
 41303 | Vaults:5 | Lost mutation: You are agile. (Dex +2) [potion of cure mutation]
 41303 | Vaults:5 | Killed a golden dragon
 41307 | Vaults:5 | Your ally Koronagh died
 42803 | Vaults:5 | Noticed a golden dragon
 42964 | Vaults:5 | Got a silver rune of Zot
 42989 | Vaults:5 | Got a slimy golden ring
 42990 | Vaults:5 | Got an ichor-stained cloak
 43012 | Vaults:5 | Killed a golden dragon
 43052 | Vaults:5 | Identified the cursed +0 cloak of Inquiry {Str+2} (You found it on level 5 of the Vaults)
 43062 | Vaults:5 | Identified a +1 pair of boots of running (You found it on level 5 of the Vaults)
 43172 | Vaults:5 | Reached skill level 21 in Fighting
 43213 | Vaults:5 | Got a shimmering trident {freeze}
 43227 | Vaults:5 | Identified the Collected Works on Assistive Hexes
 43642 | Depths:1 | Entered Level 1 of the Depths
 43655 | Depths:1 | Found Dufiki's Magic Scroll Emporium.
 43661 | Depths:1 | Bought a scroll of identify for 32 gold pieces
 43661 | Depths:1 | Bought a scroll of teleportation for 48 gold pieces
 43675 | Depths:1 | Identified the ring of the Catamount {*Contam rF+ rC+ MR+ Str+2 Slay+6} (You took it off a vault sentinel on level 5 of the Vaults)
 43768 | Depths:1 | Found a gateway to Hell.
 43793 | Depths:1 | Reached XP level 21. HP: 185/204 MP: 25/25
 43842 | Depths:1 | Gained mutation: Your body sometimes deteriorates upon taking damage. [mutagenic meat]
 43843 | Depths:1 | Gained mutation: Your flesh is cold resistant. [mutagenic meat]
 43844 | Depths:1 | Lost mutation: Your spells are harder to cast, but more powerful. [mutagenic meat]
 43845 | Depths:1 | Gained mutation: You tend to lose your temper in combat. [mutagenic meat]
 43846 | Depths:1 | Gained mutation: Your system is resistant to poisons. [mutagenic meat]
 43847 | Depths:1 | Lost mutation: Your system is resistant to poisons. [potion of cure mutation]
 43847 | Depths:1 | Lost mutation: Your flesh is cold resistant. [potion of cure mutation]
 43847 | Depths:1 | Lost mutation: Your body sometimes deteriorates upon taking damage. [potion of cure mutation]
 43847 | Depths:1 | Lost mutation: You tend to lose your temper in combat. [potion of cure mutation]
 43848 | Depths:1 | Gained mutation: You expend magic power (3 MP) to strengthen your wands. [mutagenic meat]
 44080 | Depths:1 | Found Pasaofit's Serpentskin Sales.
 44206 | Depths:1 | Gained mutation: Your body sometimes deteriorates upon taking damage. [mutagenic meat]
 44208 | Depths:1 | Gained mutation: You are clumsy. (Dex -2) [mutagenic meat]
 44483 | Depths:2 | Reached skill level 10 in Shields
 44483 | Depths:2 | Reached XP level 22. HP: 180/213 MP: 26/26
 44834 | Depths:2 | Noticed the Enchantress
 44875 | Depths:2 | Found Emaonk's Magic Scroll Shoppe.
 44907 | Depths:2 | Bought a scroll of identify for 36 gold pieces
 44907 | Depths:2 | Bought a scroll of enchant armour for 135 gold pieces
 45180 | Depths:2 | Found a shattered altar of Ashenzari.
 45416 | Depths:2 | Killed the Enchantress
 45418 | Depths:2 | Got a faerie dragon armour
 45419 | Depths:2 | Identified the +5 faerie dragon armour {Int+4 Dex+4} (You took it off the Enchantress on level 2 of the Depths)
 45510 | Depths:2 | Got a clouded platinum amulet
 45511 | Depths:2 | Identified the amulet of the Elephant {Clar rElec rN++ Dex-3 SInv} (You found it on level 2 of the Depths)
 45514 | Depths:2 | Lost mutation: You expend magic power (3 MP) to strengthen your wands. [potion of cure mutation]
 45514 | Depths:2 | Lost mutation: You regenerate slowly when monsters are visible. [potion of cure mutation]
 45514 | Depths:2 | Lost mutation: Your body sometimes deteriorates upon taking damage. [potion of cure mutation]
 45514 | Depths:2 | Lost mutation: You are clumsy. (Dex -2) [potion of cure mutation]
 45514 | Depths:2 | Lost mutation: Your spells are a little harder to cast, but a little more powerful. [potion of cure mutation]
 45968 | Depths:3 | Annihilated by a juggernaut zombie

Action                   |  1- 3 |  4- 6 |  7- 9 | 10-12 | 13-15 | 16-18 | 19-21 | 22-24 || total
-------------------------+-------+-------+-------+-------+-------+-------+-------+-------++-------
Melee: Whip              |   152 |       |       |       |       |       |       |       ||   152
       Unarmed           |     1 |       |       |       |       |       |       |       ||     1
       Flail             |    15 |   110 |   450 |   376 |       |       |       |       ||   951
       Morningstar       |       |       |       |    17 |    14 |       |       |       ||    31
       Broad axe         |       |       |       |   326 |   926 |   965 |   715 |   257 ||  3189
 Cast: Freeze            |    12 |       |       |       |       |       |       |       ||    12
Invok: Convert to Beogh  |       |     1 |       |       |       |       |       |       ||     1
       Recall Orcish Fol |       |       |       |     7 |    24 |    38 |    34 |     5 ||   108
       Give Item to Name |       |       |       |       |     3 |     1 |     1 |       ||     5
Evoke: Wand              |       |       |       |     2 |       |       |     3 |     1 ||     6
  Use: Potion            |       |     1 |     2 |     9 |     4 |    11 |    25 |     1 ||    53
       Scroll            |       |     3 |    11 |    21 |    14 |    11 |    13 |     4 ||    77
 Stab: Distracted        |       |       |       |     2 |    14 |     8 |    16 |     3 ||    43
       Invisible         |       |       |       |       |       |    62 |       |       ||    62
  Eat: Chunk             |     3 |     4 |    11 |    21 |    16 |    12 |    16 |     5 ||    88
       Meat ration       |       |       |     2 |     3 |     3 |     2 |       |       ||    10
       Bread ration      |       |       |       |     1 |       |     2 |     5 |     1 ||     9
       Beef jerky        |       |       |       |     3 |     3 |     4 |       |       ||    10
       Royal jelly       |       |       |       |     2 |     3 |       |       |       ||     5
       Pizza             |       |       |       |       |     1 |     3 |       |       ||     4
       Fruit             |       |       |       |       |     1 |     6 |       |       ||     7
